 Dungeon Crawl Stone Soup version 0.22-a0-815-gb582571 (webtiles) character file.

148 suicidejoker the Bolt Thrower (level 5, 0/36 HPs)
             Began as an Octopode Hunter on July 24, 2018.
             Killed by nerve-wracking pain
             ... invoked by Grinder
              (6 damage)
             ... on level 3 of the Dungeon.
             The game lasted 00:07:17 (2501 turns).

suicidejoker the Bolt Thrower (Octopode Hunter)     Turns: 2501, Time: 00:07:17

Health: 0/36       AC:  1    Str: 13    XL:     5   Next: 30%
Magic:  5/5        EV: 13    Int: 18    God:
Gold:   90         SH:  0    Dex: 12    Spells: 4/4 levels left

rFire    . . .     SeeInvis .   a - +1 hand crossbow
rCold    . . .     Gourm    .   (no shield)
rNeg     . . .     Faith    .   (helmet restricted)
rPois    .         Spirit   .   (no amulet)
rElec    .         Reflect  .   (no ring)
rCorr    .         Harm     .   (no ring)
MR       .....                  (no ring)
Stlth    +++.......             (no ring)
HPRegen  0.12/turn              (no ring)
MPRegen  0.09/turn              (no ring)
                                (no ring)
                                (no ring)

@: brilliant
A: almost no armour, stealthy swim, amphibious, 8 rings, constrict 8, camouflage
1, gelatinous body 1
a: no special abilities


You were on level 3 of the Dungeon.
You were hungry.

You visited 1 branch of the dungeon, and saw 3 of its levels.

You collected 90 gold pieces.

Inventory:

Hand Weapons
 a - a +1 hand crossbow (weapon)
 b - a +0 short sword
 s - a cursed -3 dagger
Missiles
 c - 45 bolts (quivered)
 e - 101 arrows
Wands
 o - a wand of digging (13)
 q - a wand of flame (37)
Scrolls
 f - 3 scrolls of identify {unknown}
 l - 2 scrolls of fear {unknown}
 m - a scroll of amnesia {unknown}
 u - a scroll of teleportation {unknown}
 v - a scroll of blinking {unknown}
Potions
 h - a potion of invisibility {unknown}
 i - a potion of magic {unknown}
 j - 2 potions of flight {unknown}
 k - 2 potions of berserk rage {unknown}
 n - a potion of ambrosia {unknown}
 p - a potion of might {unknown}
 r - a potion of heal wounds {unknown}
Comestibles
 d - 3 rations


   Skills:
 + Level 3.3 Fighting
 * Level 5.7 Crossbows
 - Level 2.0 Dodging
 - Level 1.3 Stealth


You had 4 spell levels left.
You didn't know any spells.
Your spell library was empty.

Dungeon Overview and Level Annotations

Branches:
Dungeon (3/15)

Altars:
Dithmenos
Xom

Annotations:
D:3 Grinder


Innate Abilities, Weirdness & Mutations

You cannot wear most types of armour.
You are very stealthy in the water. (Stealth+)
You are amphibious.
You can wear up to eight rings at the same time.
You can use your tentacles to constrict eight enemies at once.
Your skin changes colour to match your surroundings (Stealth+).
Your rubbery body absorbs attacks. (AC +1, EV +1)


Message History

You shoot a bolt. The bolt closely misses Grinder.
Grinder blinks!
Firing (i - inventory)
c - 46 bolts (quivered)
Press: ? - help, Shift-Dir - straight line, f/p - Grinder
Aim: Grinder (almost dead)
You shoot a bolt.
The bolt hits Grinder but does no damage.
Grinder is almost dead.
Grinder hits you!
You writhe in agony.
Grinder hits you.
* * * LOW HITPOINT WARNING * * *
You writhe in agony.
* * * LOW HITPOINT WARNING * * *
You are too injured to fight recklessly!
You are too injured to fight recklessly!
You are too injured to fight recklessly!
You are too injured to fight recklessly!
It was a potion of brilliance.
You feel clever all of a sudden. Grinder gestures at you.
Pain shoots through your body!
You die...

#######'#.†....#
#.........
#.#.####.#
#######... #.#.#
#.# #... ..#.#
#.# #... ###.#
#.# #### #.# #.#
#.# #.# #. #.#
#@# #.5.§((.(
########(


You could see Grinder.

Vanquished Creatures
  A hound zombie (D:3)
  5 adders
  An adder skeleton (D:3)
  4 worms
  A dart slug (D:1)
  4 leopard geckos
  4 orcs (D:3)
  A ball python (D:3)
  2 giant cockroaches (D:3)
  7 goblins
  4 hobgoblins
  2 jackals (D:3)
  6 kobolds
  11 bats
  4 frilled lizards
  2 giant cockroach zombies (D:3)
  6 rats
65 creatures vanquished.

Notes
Turn   | Place    | Note
-------+----------+-------------------------------------------
     0 | D:1      | suicidejoker the Octopode Hunter began the quest for the Orb.
     0 | D:1      | Reached XP level 1. HP: 14/14 MP: 1/1
   462 | D:1      | Reached XP level 2. HP: 19/19 MP: 2/2
  1081 | D:2      | Reached XP level 3. HP: 25/25 MP: 3/3
  1565 | D:2      | Reached skill level 5 in Crossbows
  1709 | D:2      | Reached XP level 4. HP: 28/30 MP: 4/4
  2031 | D:3      | Found a shimmering altar of Xom.
  2031 | D:3      | Found a shadowy altar of Dithmenos.
  2174 | D:3      | Reached XP level 5. HP: 36/36 MP: 5/5
  2488 | D:3      | Noticed Grinder
  2491 | D:3      | Paralysed by Grinder for 2 turns
  2501 | D:3      | Killed from afar by Grinder

Vault maps used:
D:1:      dpeg_arrival_chambers_temple_mockup, nrook_mini_backslash,
          minmay_unequal
D:3:      gammafunk_temple_overflow_elements, serial_undead, serial_undead_e,
          serial_undead_e, serial_undead_a, serial_undead_c, uniq_grinder

Skill      XL: |  1  2  3  4 |
---------------+-------------+-----
Crossbows      | 5 |  5.7
Fighting       | 3 |  3.3
Dodging        | |  2.0
Stealth        | |  1.3

Action                   |  1- 3 |  4- 6 || total
-------------------------+-------+-------++-------
 Fire: Hand crossbow     |    70 |    88 ||   158
  Use: Potion            |       |     1 ||     1
  Eat: Chunk             |     1 |     3 ||     4
Armor: Skin              |     2 |       ||     2
Dodge: Dodged            |    17 |     9 ||    26

Table legend:
 A = Spawn XP
 B = Non-spawn XP
 C = Spawn XP percentage of total XP
 D = Spawn monster count
 E = Non-spawn monster count
 F = Spawn count percentage of total count
 G = Total turns spent on level
                    A         B        C        D         E        F      G
               +---------+---------+-------+---------+---------+-------+---------
         Total |       0 |     212 |   0.0 |       0 |      65 |   0.0 |  2501
               +---------+---------+-------+---------+---------+-------+---------
           D:1 |       0 |      30 |   0.0 |       0 |      16 |   0.0 |  1047
           D:2 |       0 |      67 |   0.0 |       0 |      16 |   0.0 |   855
           D:3 |       0 |     115 |   0.0 |       0 |      33 |   0.0 |   599
               +---------+---------+-------+---------+---------+-------+---------
